 Dungeon Crawl Stone Soup version 0.29-a0-418-gc0181ea820 (webtiles) character file.

Game seed: 10986028753868661035

724 jlumianski the Chopper (level 7, 0/54 HPs)
             Began as a Demonspawn Fighter on May 18, 2022.
             Slain by a gnoll
             ... wielding a +0 flail
              (2 damage)
             ... on level 5 of the Dungeon.
             The game lasted 00:15:41 (5036 turns).

jlumianski the Chopper (Demonspawn Fighter)         Turns: 5036, Time: 00:15:42

Health: 0/54       AC: 14    Str: 18    XL:     7   Next: 43%
Magic:  0/7        EV:  7    Int: 10    God:
Gold:   295        SH:  4    Dex: 12    Spells: 6/6 levels left

rFire   . . .      SeeInvis .   a - +1 war axe
rCold   . . .      Faith    .   c - +0 buckler
rNeg    . . .      Spirit   +   i - +0 chain mail
rPois   .          Reflect  .   (helmet restricted)
rElec   .          Harm     .   (no cloak)
rCorr   .          Rampage  .   (no gloves)
Will    .....                   n - +2 pair of boots
Stlth   ..........              (no amulet)
HPRegen 0.18/turn               (no ring)
MPRegen 0.20/turn               (no ring)

@: no status effects
A: antennae 2, rugged brown scales 1, magic shield, magic regeneration,
condensation shield
a: no special abilities


You were on level 5 of the Dungeon.
You visited 1 branch of the dungeon, and saw 5 of its levels.
You also visited: Ossuary.

You collected 295 gold pieces.

Inventory:

Hand Weapons
 a - a +1 war axe (weapon)
 m - a +1 hunting sling of flaming
 q - a +2 antimagic short sword
 r - a +0 battleaxe
Missiles
 h - 138 stones
 j - 2 poisoned darts
 l - 4 boomerangs (quivered)
Armour
 b - a +0 scale mail
 c - a +0 buckler (worn)
 i - a +0 chain mail (worn)
 n - a +2 pair of boots (worn)
Magical Staves
 p - a staff of air
Jewellery
 f - an amulet of magic regeneration
Wands
 t - a wand of paralysis (5)
Scrolls
 e - 3 scrolls of blinking
 g - 4 scrolls of fear
 k - a scroll of teleportation
 s - 4 scrolls of identify
 w - 2 scrolls of enchant weapon
 x - a scroll of magic mapping
 y - a scroll of noise {unknown}
Potions
 d - a potion of might
 u - a potion of degeneration {unknown}
 v - a potion of haste {unknown}
 z - a potion of magic {unknown}


   Skills:
 + Level 3.7 Fighting
 + Level 5.2 Axes
 + Level 4.9 Armour
 + Level 0.7 Dodging
 + Level 0.3 Stealth
 + Level 3.8 Shields


You had 6 spell levels left.
You didn't know any spells.
Your spell library contained the following spells:

 Spells                   Type           Power      Damage    Failure   Level
 Freeze                   Ice            0%         1d3       99%         1
 Frozen Ramparts          Ice            0%         1d2       100%        3
 Airstrike                Air            0%         N/A       100%        4
 Hailstorm                Conj/Ice       0%         3d3       100%        4
 Summon Lightning Spire   Summ/Air       0%         N/A       100%        4
 Lightning Bolt           Conj/Air       0%         1d11      100%        5


Dungeon Overview and Level Annotations

Branches:
Dungeon (5/15)            Ossuary (visited)
 Temple: D:4-7

Altars:

Annotations:
D:1 1 runed translucent door


Innate Abilities, Weirdness & Mutations

You have a pair of antennae on your head.
You are partially covered in rugged brown scales. (AC +1, +3% HP)
When hurt, damage is shared between your health and your magic reserves.
You regenerate magic rapidly.
A meltable shield of frost defends you. (SH +0)


Message History

Your condensation shield dissipates!
The arrow burns you.
* * * LOW HITPOINT WARNING * * *
The centaur shoots an arrow.
The arrow hits you!
* * * LOW HITPOINT WARNING * * *
The arrow burns you.
* * * LOW HITPOINT WARNING * * *
You feel much better.
The centaur shoots an arrow.
The arrow closely misses you.
The centaur shoots an arrow.
The arrow barely misses you.
The centaur shoots an arrow.
The arrow completely misses you. The gnoll closely misses you.
The centaur shoots an arrow.
You block the arrow.
You slash the gnoll!
The gnoll is heavily wounded.
The gnoll hits you with a +0 spear.
The centaur shoots an arrow.
The arrow hits you! The arrow burns you. The gnoll barely misses you.
The centaur shoots an arrow.
The arrow hits you. The arrow burns you. The gnoll closely misses you.
You hit the gnoll.
You kill the gnoll!
You feel yourself speed up.
The centaur shoots an arrow.
The arrow hits you!
* * * LOW HITPOINT WARNING * * *
The arrow burns you.
* * * LOW HITPOINT WARNING * * *
The centaur shoots an arrow.
The arrow hits you!
* * * LOW HITPOINT WARNING * * *
The arrow burns you.
* * * LOW HITPOINT WARNING * * *
You see here a +0 spear.
A gnoll comes into view. It is wielding a +0 flail.
The gnoll shouts!
A gnoll comes into view. It is wielding a +0 whip.
Blink to where?
Press: ? - help, Dir - move target
As you read the scroll of blinking, it crumbles to dust.
The gnoll shouts!
A gnoll comes into view. It is wielding a +0 spear.
The gnoll attacks as you move away! The gnoll hits you with a +0 flail.
You die...

### ..#
##########
..#
#.g@.....#
..#
#g######.#
..###
#{...##
....#
#....{g...#
.##.#
#.####....#
###.# #....
....# ....#
#.. .c#.#
##### ###.#
#...# ....#
#.... #.###


You could see 2 gnolls.

Vanquished Creatures
  A wraith (D:5)
  A scorpion (D:5)
  3 centaur zombies (Ossuary)
  A hound (D:5)
  3 orc priests (D:4)
  3 orc wizards
  6 mummies
  2 gnolls
  5 adders
  A worm (D:2)
  14 orcs
  9 endoplasms
  A giant cockroach (D:3)
  7 goblins
  4 hobgoblins
  3 quokkas
  3 ball pythons
  7 bats
  3 frilled lizards
  A goblin zombie (D:4)
  7 hobgoblin zombies (Ossuary)
  4 kobolds
  An orc zombie (D:4)
  6 rats
96 creatures vanquished.

Notes
Turn   | Place    | Note
-------+----------+-------------------------------------------
     0 | D:1      | jlumianski the Demonspawn Fighter began the quest for the
                  | Orb.
     0 | D:1      | Reached XP level 1. HP: 18/18 MP: 1/1
     1 | D:1      | Found a runed translucent door.
     1 | D:1      | Noticed a jelly
     2 | D:1      | Noticed a jelly
   395 | D:1      | Gained mutation: You have a pair of small antennae on your
                  | head. [demonic ancestry]
   395 | D:1      | Reached XP level 2. HP: 23/24 MP: 2/2
   873 | D:1      | Reached skill level 2 in Axes
  1248 | D:2      | Gained mutation: You have a pair of antennae on your head.
                  | [demonic ancestry]
  1248 | D:2      | Reached XP level 3. HP: 29/29 MP: 3/3
  1457 | D:2      | Found a faded altar of an unknown god.
  2518 | D:3      | Gained mutation: You regenerate magic rapidly. [demonic
                  | ancestry]
  2518 | D:3      | Reached XP level 4. HP: 23/35 MP: 4/4
  2769 | D:3      | Reached skill level 3 in Axes
  3228 | D:4      | Found a sand-covered staircase.
  3236 | Ossuary  | Entered an ossuary
  3245 | Ossuary  | Gained mutation: When hurt, damage is shared between your
                  | health and your magic reserves. [demonic ancestry]
  3245 | Ossuary  | Reached XP level 5. HP: 19/41 MP: 5/5
  3485 | Ossuary  | Reached skill level 4 in Axes
  3491 | Ossuary  | Gained mutation: A meltable shield of frost defends you.
                  | (SH +0) [demonic ancestry]
  3491 | Ossuary  | Reached XP level 6. HP: 34/47 MP: 6/6
  4893 | D:5      | Entered Level 5 of the Dungeon
  4970 | D:5      | Gained mutation: You are partially covered in rugged brown
                  | scales. (AC +1, +3% HP) [demonic ancestry]
  4970 | D:5      | Reached XP level 7. HP: 43/53 MP: 7/7
  4971 | D:5      | Noticed a wraith
  4998 | D:5      | Killed a wraith
  4999 | D:5      | Reached skill level 5 in Axes
  5027 | D:5      | HP: 2/54 [centaur/arrow (7)]
  5036 | D:5      | Slain by a gnoll

Illustrated notes

Levels and vault maps discovered:
D:1:      dpeg_arrival_caged_fury, layout_basic
D:2:      layout_basic, ebering_ecumenical_altar_webs
D:3:      layout_loops_ring
D:4:      layout_rooms, nicolae_ossuary_entry_giza
D:5:      layout_basic, portal_sewer_entry_f

Skill      XL: |  1  2  3  4  5  6  7 |
---------------+----------------------+-----
Armour         | 3 4 |  4.9
Axes           | 2 3 4 5 |  5.2
Shields        | 3 |  3.8
Fighting       | |  3.7
Dodging        | |  0.7
Stealth        | |  0.3

Action                   |  1- 3 |  4- 6 |  7- 9 || total
-------------------------+-------+-------+-------++-------
Melee: War axe           |    94 |   193 |    31 ||   318
Throw: Boomerang         |     2 |       |       ||     2
  Use: Scroll            |     8 |     2 |     1 ||    11
       Potion            |       |     3 |     2 ||     5
 Stab: Invisible         |       |     1 |       ||     1
Armor: Scale mail        |     6 |       |       ||     6
       Chain mail        |    51 |   161 |    13 ||   225
Dodge: Dodged            |    39 |    55 |    18 ||   112
Block: Buckler           |    22 |    74 |    15 ||   111

Table legend: (Time is in decaauts)
 A = Elapsed time spent in this place.
 B = Non-inter-level travel time spent in this place.
 C = Inter-level travel time spent in this place.
 D = Time resting spent in this place.
 E = Time spent auto-exploring this place.
 F = Levels seen in this place.
 G = Mean time per level.
                   A        B        C        D        E       F      G
               +--------+--------+--------+--------+--------+-----+--------+
         Total |   5189 |   5079 |    110 |    520 |   2259 |   6 |  864.8 |
       Dungeon |   4583 |   4473 |    110 |    111 |   2219 |   5 |  916.6 |
       Ossuary |    606 |    606 |      0 |    409 |     40 |   1 |  606.0 |
               +--------+--------+--------+--------+--------+-----+--------+

Top non-repeatable levels by time:
     D:2: 1241 daAuts
     D:1: 1168 daAuts
     D:3: 1064 daAuts
     D:4: 925 daAuts
 Ossuary: 606 daAuts
     D:5: 184 daAuts
